 Dungeon Crawl Stone Soup version 0.27-a0-1060-gcb85b5eba1 (webtiles) character file.

Game seed: 5058810049022092427

19 HoaS the Twirler (level 2, -7/17 HPs)
             Began as a Gargoyle Gladiator on Apr 21, 2021.
             Mangled by a two-headed ogre
             ... wielding a +0 giant spiked club
              (24 damage)
             ... on level 3 of the Dungeon.
             The game lasted 00:03:20 (1831 turns).

HoaS the Twirler (Gargoyle Gladiator)               Turns: 1831, Time: 00:03:20

Health: -7/17      AC:  9    Str: 17    XL:     2   Next: 75%
Magic:  2/2        EV: 10    Int:  8    God:
Gold:   76         SH:  0    Dex: 11    Spells: 1/1 levels left

rFire    + . .     SeeInvis .   a - +0 quarterstaff
rCold    . . .     Faith    .   (shield currently unavailable)
rNeg     + . .     Spirit   .   g - +0 scale mail {rF+}
rPois    ∞         Reflect  .   c - +0 helmet
rElec    +         Harm     .   (no cloak)
rCorr    .         Rampage  .   (no gloves)
Will     .....                  (no boots)
Stlth    ..........             (no amulet)
HPRegen  0.05/turn              (no ring)
MPRegen  0.08/turn              (no ring)

@: no status effects
A: AC +2, negative energy resistance 1, electricity resistance, torment
resistance 1, unbreathing 1, petrification resistance
a: no special abilities


You were on level 3 of the Dungeon.
You visited 1 branch of the dungeon, and saw 3 of its levels.

You collected 76 gold pieces.

Inventory:

Hand Weapons
 a - a +0 quarterstaff (weapon)
Missiles
 d - a throwing net (quivered)
 i - 30 arrows
 j - 4 boomerangs
Armour
 c - a +0 helmet (worn)
 g - a +0 scale mail of fire resistance (worn)
Scrolls
 b - a scroll of blinking
Potions
 e - a potion of attraction
 f - a potion of resistance
 h - a potion of magic {unknown}


   Skills:
 - Level 2.1 Fighting
 + Level 3.9 Staves
 - Level 1.7 Throwing
 - Level 2.4 Dodging


You had one spell level left.
You didn't know any spells.
Your spell library was empty.

Dungeon Overview and Level Annotations

Branches:
Dungeon (3/15)

Altars:


Innate Abilities, Weirdness & Mutations

Your stone body is resilient. (AC +2)
You are immune to poison.
You resist negative energy. (rN+)
You are resistant to electric shocks. (rElec)
You are resistant to unholy torment.
You can survive without breathing.
You are immune to petrification.


Message History

The two-headed ogre is lightly wounded.
The two-headed ogre struggles against the net.
The two-headed ogre struggles against the net.
You completely miss the two-headed ogre.
The two-headed ogre is lightly wounded.
The two-headed ogre struggles against the net.
You hit the two-headed ogre.
The two-headed ogre is lightly wounded.
The two-headed ogre struggles against the net.
You hit the two-headed ogre.
The two-headed ogre is lightly wounded.
The two-headed ogre struggles against the net.
The net rips apart, and the two-headed ogre comes free!
You sock the two-headed ogre!
The two-headed ogre is moderately wounded.
The two-headed ogre closely misses you. The two-headed ogre barely misses you.
You throw a throwing net.
The throwing net hits the two-headed ogre.
The two-headed ogre is caught in the net!
The two-headed ogre is moderately wounded.
The two-headed ogre struggles against the net.
You sock the two-headed ogre!
The two-headed ogre is moderately wounded.
The two-headed ogre struggles against the net.
You catch the helpless two-headed ogre completely off-guard!
You hit the two-headed ogre.
The two-headed ogre is moderately wounded.
The two-headed ogre struggles against the net.
You hit the two-headed ogre.
The two-headed ogre is heavily wounded.
The two-headed ogre struggles against the net.
You hit the two-headed ogre.
The two-headed ogre is heavily wounded.
The two-headed ogre struggles against the net.
The net rips apart, and the two-headed ogre comes free!
You hit the two-headed ogre but do no damage.
The two-headed ogre is heavily wounded.
The two-headed ogre hits you with a +0 giant spiked club!!
Ouch! That really hurt!
You die...

#.# .# #.# #.# #.# #.#
#### #.# ##.##
...######(#######...#
#.#....(.$..........
#.###........#..####...#
.......................#
#.....O@)....#..........
#?#.....##...#..#####..#
....######...#..#####..#
#.. ...............# .
........#######.#
###>.##... #.# #..#####
#.# #.# #..


You could see a two-headed ogre.

Vanquished Creatures
  A worm (D:2)
  An orc (D:3)
  2 ball pythons (D:1)
  2 hobgoblins
  5 bats
  3 frilled lizards
  A kobold (D:3)
  3 rats
18 creatures vanquished.

Notes
Turn   | Place    | Note
-------+----------+-------------------------------------------
     0 | D:1      | HoaS the Gargoyle Gladiator began the quest for the Orb.
     0 | D:1      | Reached XP level 1. HP: 12/12 MP: 1/1
    78 | D:1      | Found a faded altar of an unknown god.
   423 | D:1      | Reached XP level 2. HP: 17/17 MP: 2/2
  1816 | D:3      | Noticed a two-headed ogre
  1831 | D:3      | Mangled by a two-headed ogre

Illustrated notes

Levels and vault maps discovered:
D:1:      wander_arrival_fairy_ring, layout_basic,
          hellmonk_ecumenical_altar_zigzags, st_stairs_2
D:2:      layout_loops_corners
D:3:      layout_loops_ring, uniq_sigmund

Action                   || total
-------------------------++-------
Melee: Quarterstaff      ||    56
Throw: Throwing net      ||     2
       Boomerang         ||     1
  Use: Scroll            ||     7
 Stab: Held in net/web   ||     1
Armor: Leather armour    ||    13
       Scale mail        ||    14
Dodge: Dodged            ||    28

Table legend: (Time is in decaauts)
 A = Elapsed time spent in this place.
 B = Non-inter-level travel time spent in this place.
 C = Inter-level travel time spent in this place.
 D = Time resting spent in this place.
 E = Time spent auto-exploring this place.
 F = Levels seen in this place.
 G = Mean time per level.
                   A        B        C        D        E       F      G
               +--------+--------+--------+--------+--------+-----+--------+
         Total |   1838 |   1710 |    128 |    177 |   1358 |   3 |  612.7 |
       Dungeon |   1838 |   1710 |    128 |    177 |   1358 |   3 |  612.7 |
               +--------+--------+--------+--------+--------+-----+--------+

Top non-repeatable levels by time:
     D:2: 914 daAuts
     D:1: 719 daAuts
     D:3: 204 daAuts
